 Dungeon Crawl Stone Soup version 0.30.1-11-g7821555f0a (webtiles) character file.

Game seed: 7743160356238256007

137 Alypsies the Ducker (level 5, -12/42 HPs)
             Began as a Meteoran Gladiator on Dec 23, 2023.
             Mangled by Sakumbe's ghost (16 damage)
             ... on level 5 of the Dungeon.
             The game lasted 00:34:09 (2463 turns).

Alypsies the Ducker (Meteoran Gladiator)            Turns: 2463, Time: 00:34:15

Health: -12/42     AC:  9    Str: 18    XL:     5   Next: 73%
Magic:  6/6        EV: 13    Int:  9    God:
Gold:   222        SH:  0    Dex: 23    Spells: 4/4 levels left

rFire   x . .        a - +0 rapier
rCold   . . .        (no shield)
rNeg    . . .        l - +2 scale mail of the Threshing Gods {-Tele rPois rF- Dex+8}
rPois   +            c - +0 helmet
rElec   .            (no cloak)
rCorr   .            (no gloves)
SInv    +            (no boots)
Will    .....        (no amulet) Stlth
                     f - ring of see invisible
HPRegen 0.27/turn    (no ring)
MPRegen 0.10/turn

%: no teleportation
@: confused, ambrosia-drunk, glowing
A: sense surroundings 1, otherworldly, glowing, explore regen
a: no special abilities


You were on level 5 of the Dungeon.
You visited 2 branches of the dungeon, and saw 6 of its levels.

You collected 222 gold pieces.

Inventory:

Hand Weapons
 a - a +0 rapier (weapon)
 m - a +0 dagger
 x - a +0 mace
 z - a +0 club
 D - a +0 spear
 F - a +0 short sword
Missiles
 d - 3 throwing nets
 e - 7 javelins (quivered)
 g - 3 poisoned darts
 i - 45 stones
Armour
 b - a +0 leather armour
 c - a +0 helmet (worn)
 j - a +0 ring mail
 k - a +1 scale mail of fire resistance
 l - the +2 scale mail of the Threshing Gods (worn) {-Tele rPois rF- Dex+8}
   (You found it on level 3 of the Dungeon)

   Dex:       It affects your dexterity (+8).
   rF:        It makes you vulnerable to fire.
   rPois:     It protects you from poison.
   -Tele:     It prevents most forms of teleportation.
 n - a +0 robe
 p - a +0 robe
 r - a +0 plate armour
 s - a +0 ring mail
 u - a +0 scale mail
Jewellery
 f - a ring of see invisible (left hand)
 v - a ring of protection from cold
 y - a ring of magical power
Wands
 o - a wand of charming (5)
 B - a wand of polymorph (3)
 E - a wand of quicksilver (8)
Scrolls
 C - a scroll of fear {unknown}
Potions
 h - a potion of cancellation
 q - 2 potions of brilliance
 t - a potion of berserk rage {unknown}
 A - a potion of heal wounds {unknown}


   Skills:
 + Level 2.3 Fighting
 + Level 4.6 Short Blades
 + Level 2.5 Throwing
 + Level 2.7 Armour
 + Level 4.8 Dodging


You had 4 spell levels left.
You didn't know any spells.
Your spell library contained the following spells:

 Spells                   Type           Power      Damage    Failure   Level
 Kiss of Death            Conj/Necr      0%         2d5       78%         1
 Confusing Touch          Hex            0%         N/A       98%         3
 Volatile Blastmotes      Fire/Tloc      0%         2d10      98%         3
 Dispel Undead            Necr           0%         3d6       100%        4
 Fulminant Prism          Conj/Hex       0%         3d5       100%        4
 Iskenderun's Mystic Bla  Conj/Tloc      0%         2d3       100%        4
 Lee's Rapid Deconstruct  Erth           0%         3d4*      100%        5


Dungeon Overview and Level Annotations

Branches:
Dungeon (5/15) Zot: 688    Temple (1/1) D:4 Zot: 446

Altars:
Cheibriados
Dithmenos
Gozag
Hepliaklqana
Kikubaaqudgha
Nemelex Xobeh
Qazlal
Ru
Trog
Vehumet
Xom
Yredelemnul

Annotations:
D:5 Sakumbe's ghost, novice MiFi


Innate Abilities, Weirdness & Mutations

You passively map a small area around you.
You are easily found by Zot.
You glow in the dark.
You regain HP and MP as you explore.


Message History

You barely miss the vampire.
The vampire hits you but does no damage.
The vampire bites you.
The vampire draws strength from your injuries!
You hit the vampire.
The vampire is lightly damaged.
The vampire gestures wildly while chanting.
The vampire flickers and vanishes for a moment.
You hit the vampire but do no damage.
The vampire is lightly damaged.
The vampire points at you and mumbles some strange words.
You resist with some effort.
You hit the vampire but do no damage.
The vampire is lightly damaged.
The vampire misses you. x2
You hit the vampire but do no damage.
The vampire is lightly damaged.
The vampire hits you. The vampire bites you.
The vampire draws strength from your injuries!
You hit the vampire but do no damage. The vampire closely misses you.
The vampire bites you!
The vampire draws strength from your injuries!
You completely miss the vampire. The vampire barely misses you. x2
You hit the vampire but do no damage. The vampire hits you!
The vampire bites you.
* * * LOW HITPOINT WARNING * * *
The vampire draws strength from your injuries!
You are confused.
You feel invigorated.
The vampire hits you but does no damage.
The vampire completely misses you.
You closely miss the vampire. The vampire misses you.
The vampire barely misses you. The vampire hits you! The vampire bites you.
* * * LOW HITPOINT WARNING * * *
The vampire draws strength from your injuries!
Sakumbe's ghost hits you!
* * * LOW HITPOINT WARNING * * *
You are electrocuted!
You die...

######
#.##.....#.# #.# .
* #.##....##.# #.#
#.# #.
#.##....##.# #.# #
* ###.
#.#.....##.# #.#
,.....
###.......##.# #.#
,.....
#....#....##.# #.#
......*#.#.#######
......##...V#§§
..........@W§§§ ,
* .........#..#§§
, .........######
, .##......# ,*
#......# ,, ,*
#......# *** *
........., , ,
..........
.######....


You could see a vampire (invisible) and Sakumbe's ghost.

Vanquished Creatures
  A hound (D:4)
  6 adders
  A white imp (D:5)
  A worm (D:5)
  A dart slug (D:1)
  2 orcs (D:4)
  2 endoplasms
  3 giant cockroaches
  6 goblins
  2 hobgoblins
  2 kobolds (D:2)
  4 quokkas
  3 ball pythons
  A bat (D:2)
  A frilled lizard (D:1)
  3 rats
39 creatures vanquished.

Notes
Turn   | Place    | Note
-------+----------+-------------------------------------------
     0 | D:1      | Alypsies the Meteoran Gladiator began the quest for the
                  | Orb.
     0 | D:1      | Reached XP level 1. HP: 17/17 MP: 2/2
   253 | D:1      | Reached XP level 2. HP: 24/24 MP: 3/3
   499 | D:1      | Glimpsed the power of Zot.
   549 | D:1      | Glimpsed the power of Zot.
   639 | D:2      | Reached XP level 3. HP: 21/29 MP: 4/4
   644 | D:2      | Reached skill level 1 in Armour
   799 | D:2      | Found an opulent altar of Gozag.
   803 | D:2      | Reached XP level 4. HP: 32/36 MP: 5/5
   947 | D:3      | Found a faded altar of an unknown god.
  1094 | D:3      | Found a sacrificial altar of Ru.
  1281 | D:3      | Identified the +2 scale mail of the Threshing Gods {-Tele
                  | rPois rF- Dex+8}
  1625 | D:4      | Found a staircase to the Ecumenical Temple.
  1757 | Temple   | Entered the Ecumenical Temple
  1948 | D:4      | Found a radiant altar of Vehumet.
  2040 | D:4      | Reached XP level 5. HP: 33/40 MP: 6/6
  2119 | D:5      | Entered Level 5 of the Dungeon
  2431 | D:5      | Found a runed translucent door.
  2432 | D:5      | Noticed a vampire
  2432 | D:5      | Noticed Sakumbe's ghost (novice MiFi)
  2463 | D:5      | Mangled by Sakumbe's ghost

Illustrated notes

Levels and vault maps discovered:
D:1:      scummos_arrival_checkerplants, layout_basic, st_stairs_2
D:2:      layout_rooms, basic_altar, minmay_misc_feat_ornament, minmay_ruptured
D:3:      layout_basic, hangedman_ru_absence, basic_ecumenical_altar,
          serial_shops, shop
D:4:      layout_loops_cross, old_standard_altar, temple_doors_e,
          kennysheep_generic_room_5
D:5:      layout_basic, general_overflow_altar, ebering_ghost_inner_flame
Temple:   nicolae_temple_two_arcs

Skill      XL: |  1  2  3  4 |
---------------+-------------+-----
Dodging        | 4 |  4.8
Armour         | 1 2 |  2.7
Short Blades   | 4 |  4.6
Fighting       | |  2.3
Throwing       | |  2.5

Action                     |  1- 3 |  4- 6 || total
---------------------------+-------+-------++-------
  Melee: Rapier            |    75 |   122 ||   197
         Punch             |     1 |     2 ||     3
  Throw: Javelin           |       |     1 ||     1
    Use: Scroll            |       |     5 ||     5
         Potion            |       |     2 ||     2
 Armour: Leather armour    |     4 |       ||     4
         Ring mail         |    44 |    26 ||    70
         Scale mail        |       |    33 ||    33
  Dodge: Dodged            |    54 |    73 ||   127
